 Dungeon Crawl Stone Soup version 0.30.1-4-g462c640d31 (webtiles) character file.

Game seed: 16265479375751560553

106 Destapler the Vexing (level 4, -3/34 HPs)
             Began as a Barachi Hexslinger on Aug 16, 2023.
             Was a Follower of Okawaru.
             Slain by a gnoll
             ... wielding a +0 flail
              (9 damage)
             ... on level 2 of the Dungeon.
             The game lasted 00:08:03 (2091 turns).

Destapler the Vexing (Barachi Hexslinger)           Turns: 2091, Time: 00:08:03

Health: -3/34      AC:  7    Str: 12    XL:     4   Next: 84%
Magic:  6/7        EV: 11    Int: 13    God:    Okawaru [*.....]
Gold:   116        SH:  0    Dex: 14    Spells: 6/7 levels left

rFire   + . .        a - +1 sling
rCold   . . .        (no shield)
rNeg    . . .        i - +2 ring mail of Wymymeth {rElec rF+ Regen+ Slay-4}
rPois   .            (no helmet)
rElec   +            (no cloak)
rCorr   .            (no gloves)
SInv    .            (no boots)
Will    .....        (no amulet)
Stlth   +            (no ring)
HPRegen 1.05/turn    (no ring)
MPRegen 0.10/turn

%: no passive effects
@: slow
A: amphibious, slowness 1, strong legs 1, +LOS
a: Hop, Renounce Religion, Heroism


You were on level 2 of the Dungeon.
You worshipped Okawaru.
Okawaru was aware of your devotion.
You visited 1 branch of the dungeon, and saw 3 of its levels.

You collected 116 gold pieces.

Inventory:

Hand Weapons
 a - a +1 sling (weapon)
 b - a +1 dagger of electrocution
 n - a +0 falchion
Armour
 c - a +0 robe
 i - the +2 ring mail of Wymymeth (worn) {rElec rF+ Regen+ Slay-4}
   (You found it on level 2 of the Dungeon)

   Slay:      It affects your accuracy & damage with ranged weapons and melee
   (-4).
   rF:        It protects you from fire.
   rElec:     It insulates you from electricity.
   Regen:     It increases your rate of health regeneration.
Scrolls
 d - a scroll of immolation
 f - 2 scrolls of fear {unknown}
 g - a scroll of vulnerability {unknown}
 k - 2 scrolls of teleportation {unknown}
 l - a scroll of blinking {unknown}
 m - 2 scrolls of poison
Potions
 e - 2 potions of curing {unknown}
 h - a potion of invisibility {unknown}
 j - a potion of magic {unknown}


   Skills:
 + Level 2.3 Fighting
 + Level 2.7 Ranged Weapons
 + Level 1.4 Armour
 + Level 3.0 Dodging
 + Level 2.1 Spellcasting
 + Level 3.8 Hexes


You had 6 spell levels left.
You knew the following spells:

 Your Spells              Type           Power      Damage    Failure   Level
a - Slow                  Hex            44%        N/A       12%         1

Your spell library contained the following spells:

 Spells                   Type           Power      Damage    Failure   Level
 Inner Flame              Hex/Fire       6%         N/A       58%         3
 Portal Projectile        Hex/Tloc       12%        N/A       58%         3
 Cause Fear               Hex            5%         N/A       75%         4


Dungeon Overview and Level Annotations

Branches:
Dungeon (3/15)

Altars:
Ashenzari
Okawaru


Innate Abilities, Weirdness & Mutations

You are amphibious.
You cover ground slowly.
You can hop short distances.
You have an extended range of vision and can be seen from far away.


Message History

The gnoll misses you.
The gnoll seems to slow down.
You shoot a sling bullet.
The sling bullet barely misses the gnoll.
The gnoll barely misses you.
You shoot a sling bullet.
The sling bullet hits the gnoll but does no damage.
The gnoll is lightly wounded.
The gnoll hits you but does no damage.
You shoot a sling bullet. The sling bullet hits the gnoll.
The gnoll is moderately wounded.
The gnoll barely misses you.
You shoot a sling bullet. The sling bullet hits the gnoll.
The gnoll is moderately wounded.
The gnoll hits you with a +0 flail.
You shoot a sling bullet.
The sling bullet closely misses the gnoll.
You shoot a sling bullet.
The sling bullet hits the gnoll but does no damage.
The gnoll is moderately wounded.
The gnoll completely misses you.
You shoot a sling bullet. The sling bullet hits the gnoll.
The gnoll is severely wounded.
The gnoll hits you with a +0 flail.
You shoot a sling bullet. The sling bullet hits the gnoll.
The gnoll is severely wounded.
The gnoll hits you with a +0 flail!
* * * LOW HITPOINT WARNING * * *
You shoot a sling bullet.
The sling bullet barely misses the gnoll.
The gnoll is no longer moving slowly.
The gnoll hits you with a +0 flail.
* * * LOW HITPOINT WARNING * * *
You shoot a sling bullet.
The sling bullet barely misses the gnoll.
The gnoll hits you with a +0 flail!
* * * LOW HITPOINT WARNING * * *
You shoot a sling bullet.
The sling bullet barely misses the gnoll.
The gnoll hits you but does no damage. The gnoll hits you with a +0 flail!
You die...

#########
#g).....# ####
#@#####.#### #...
#.##.......# #.##
#.##.##.##.# #.#
#รท##.##.##.####g#
#.......##.g.g.g#
###..############
#.## #......#
##.## #......#
#...# #.....<#


You could see a gnoll.

Vanquished Creatures
  5 gnolls
  2 adders (D:2)
  2 dart slugs
  2 endoplasms
  2 giant cockroaches (D:2)
  3 hobgoblins (D:1)
  2 jackals (D:2)
  2 kobolds
  A quokka (D:2)
  4 ball pythons
  4 bats
  2 frilled lizards
  6 goblins
  3 rats
40 creatures vanquished.

Notes
Turn   | Place    | Note
-------+----------+-------------------------------------------
     0 | D:1      | Destapler the Barachi Hexslinger began the quest for the
                  | Orb.
     0 | D:1      | Reached XP level 1. HP: 15/15 MP: 2/2
   270 | D:1      | Reached XP level 2. HP: 21/21 MP: 3/3
   375 | D:1      | Found a faded altar of an unknown god.
   442 | D:1      | Prayed at the altar of an unknown god.
   442 | D:1      | Became a worshipper of Warmaster Okawaru
   442 | D:1      | Reached * piety under Okawaru
   808 | D:2      | Identified the +2 ring mail of Wymymeth {rElec rF+ Regen+
                  | Slay-4}
   835 | D:2      | Reached XP level 3. HP: 27/27 MP: 5/5
  1235 | D:1      | Reached skill level 1 in Armour
  1235 | D:1      | Reached XP level 4. HP: 33/33 MP: 6/6
  1309 | D:2      | Found a broken altar of Ashenzari.
  2091 | D:2      | Slain by a gnoll

Illustrated notes

Levels and vault maps discovered:
D:1:      dpeg_arrival_castle, layout_basic, hellmonk_ecumenical_altar_blasted,
          minmay_misc_feat_square
D:2:      layout_loops_cross, basic_altar, minmay_puff
D:3:      layout_rooms, serial_shops, nicolae_shop_gaudy_bauble, eino_curves_03,
          uniq_jessica, uniq_robin

Skill      XL: |  1  2  3  4 |
---------------+-------------+-----
Fighting       | 2 |  2.3
Armour         | 1 |  1.4
Spellcasting   | 2 |  2.1
Dodging        | 3 |  3.0
Ranged Weapons | |  2.7
Hexes          | |  3.8

Action                     |  1- 3 |  4- 6 || total
---------------------------+-------+-------++-------
   Fire: Sling             |   146 |    91 ||   237
   Cast: Slow              |    11 |     9 ||    20
Ability: Hop               |     1 |       ||     1
 Armour: Robe              |     7 |       ||     7
         Ring mail         |    19 |    28 ||    47
  Dodge: Dodged            |    67 |    56 ||   123
